Map: Dusk Towers

Players

oliM - Winner!

  • Race: Protoss Protoss
  • League: Grandmaster

prabuty

  • Race: Protoss Protoss
  • League: Master

VOD

Have the link to the VOD?

Description

Time

  • Played on: May 14, 2016, 2:20 a.m.
  • Length: 8:23
Show
View Real Time Build Order
Export as new Build Order

oliM Protoss - Winner!

Build Orders: Oracle Opening 

Get SALT Encoding   

  12  0:01  Probe (Chrono Boost)  
  13  0:11  Probe (Chrono Boost)  
  14  0:20  Pylon  
  14  0:22  Probe (Chrono Boost)  
  15  0:38  Probe (Chrono Boost)  
  15  0:42  Gateway  
  16  0:48  Probe (Chrono Boost)  
  16  0:49  Assimilator  
  17  0:55  Assimilator  
  17  0:59  Probe (Chrono Boost)  
  18  1:09  Probe (Chrono Boost)  
  19  1:19  Gateway  
  19  1:20  Probe (Chrono Boost)  
  20  1:34  Cybernetics Core  
  20  1:36  Probe (Chrono Boost)  
  21  1:46  Probe (Chrono Boost)  
  22  1:53  Pylon  
  22  1:57  Probe (Chrono Boost)  
  23  2:11  Mothership Core (Chrono Boost)  
  23  2:14  Stargate  
  27  2:28  Pylon  
  25  2:30  Pylon  
  25  2:32  Pylon  
  25  2:39  Adept (Chrono Boost)  
  25  2:41  Probe (Chrono Boost)  
  27  2:58  Oracle (Chrono Boost)  
  30  3:12  Nexus  
  30  3:28  Probe  
  31  3:35  Pylon  
  31  3:40  Warp Gate  
  31  3:45  Pylon  
  31  3:53  Probe  
  31  3:54  Oracle (Chrono Boost)  
  35  4:05  Probe  
  36  4:10  Robotics Facility  
  34  4:18  Probe (Chrono Boost)  
  34  4:23  Probe (Chrono Boost)  
  36  4:29  Probe (Chrono Boost)  
  37  4:32  Stalker, Sentry  
  37  4:35  Probe (Chrono Boost)  
  42  4:40  Probe (Chrono Boost)  
  42  4:44  Probe (Chrono Boost)  
  44  4:48  Pylon  
  44  4:49  Phoenix (Chrono Boost)  
  44  4:50  Probe  
  47  4:54  Probe  
  48  5:02  Probe  
  48  5:04  Probe  
  50  5:11  Phoenix (Chrono Boost)  
  46  5:16  Probe  
  46  5:17  Probe  
  47  5:28  Probe  
  48  5:29  Probe  
  48  5:33  Phoenix (Chrono Boost)  
  48  5:35  Assimilator  
  48  5:39  Assimilator  
  48  5:40  Probe  
  48  5:41  Probe  
  50  5:53  Probe  
  50  5:55  Pylon  
  50  5:56  Probe  
  51  5:57  Phoenix (Chrono Boost)  
  51  5:58  Pylon  
  54  6:05  Probe  
  54  6:08  Probe  
  56  6:16  Nexus  
  56  6:17  Probe  
  56  6:18  Pylon, Probe  
  57  6:24  Stargate  
  58  6:29  Phoenix (Chrono Boost)  
  58  6:31  Probe  
  61  6:32  Probe  
  62  6:43  Probe x2  
  64  6:49  Observer  
  64  6:50  Phoenix (Chrono Boost)  
  64  6:54  Probe  
  67  6:57  Pylon  
  68  7:05  Forge  
  68  7:12  Phoenix (Chrono Boost)  
  68  7:13  Phoenix (Chrono Boost)  
  68  7:19  Probe  
  68  7:20  Probe  
  68  7:21  Fleet Beacon  
  70  7:33  Observer, Probe  
  70  7:34  Probe, Phoenix (Chrono Boost)  
  75  7:39  Gateway  
  75  7:40  Gateway  
  75  7:43  Photon Cannon  
  75  7:44  Probe  
  75  7:48  Photon Cannon  
  76  7:51  Probe  
  76  7:52  Phoenix (Chrono Boost)  
  76  7:53  Probe  
  80  8:15  Stalker x2  
Show
View Real Time Build Order
Export as new Build Order

prabuty Protoss 

Build Orders: 1 Gate Expand 

Get SALT Encoding   

  12  0:01  Probe (Chrono Boost)  
  13  0:12  Probe (Chrono Boost)  
  14  0:19  Pylon  
  14  0:22  Probe (Chrono Boost)  
  15  0:38  Probe (Chrono Boost)  
  15  0:40  Gateway  
  16  0:45  Assimilator  
  16  0:48  Probe (Chrono Boost)  
  17  0:59  Probe (Chrono Boost)  
  18  1:09  Probe (Chrono Boost)  
  19  1:22  Probe (Chrono Boost)  
  19  1:23  Nexus  
  20  1:33  Cybernetics Core  
  20  1:35  Probe (Chrono Boost)  
  21  1:44  Assimilator  
  21  1:46  Probe (Chrono Boost)  
  22  1:51  Pylon  
  22  1:56  Probe (Chrono Boost)  
  23  2:09  Probe (Chrono Boost), Stalker (Chrono Boost)  
  23  2:10  Warp Gate  
  26  2:23  Probe  
  27  2:35  Probe  
  27  2:36  Stalker (Chrono Boost)  
  30  2:39  Probe  
  31  2:47  Probe  
  32  3:02  Stalker (Chrono Boost)  
  34  3:12  Probe (Chrono Boost)  
  34  3:17  Stargate  
  34  3:22  Probe (Chrono Boost)  
  34  3:34  Probe (Chrono Boost)  
  34  3:35  Probe (Chrono Boost)  
  36  3:42  Gateway  
  36  3:45  Probe (Chrono Boost)  
  36  3:46  Probe (Chrono Boost)  
  39  3:55  Probe (Chrono Boost)  
  39  3:56  Probe (Chrono Boost)  
  40  4:03  Oracle (Chrono Boost)  
  40  4:06  Probe  
  38  4:19  Probe  
  38  4:20  Probe  
  40  4:30  Probe  
  40  4:33  Probe  
  42  4:40  Probe  
  42  4:41  Nexus, Phoenix (Chrono Boost)  
  42  4:45  Probe  
  46  4:53  Probe  
  46  4:57  Probe  
  45  5:01  Pylon  
  45  5:03  Probe  
  37  5:16  Probe x2  
  37  5:20  Phoenix (Chrono Boost)  
  38  5:26  Probe (Chrono Boost)  
  34  5:29  Probe (Chrono Boost)  
  31  5:36  Pylon  
  31  5:38  Probe (Chrono Boost)  
  31  5:41  Probe (Chrono Boost)  
  33  5:48  Probe (Chrono Boost)  
  34  5:50  Phoenix (Chrono Boost)  
  34  5:51  Probe (Chrono Boost)  
  34  5:52  Probe (Chrono Boost)  
  38  5:58  Probe  
  38  6:03  Probe x2  
  40  6:08  Probe  
  42  6:15  Probe, Phoenix (Chrono Boost)  
  42  6:16  Probe  
  46  6:21  Probe  
  47  6:27  Probe x2  
  47  6:32  Probe  
  49  6:37  Mothership Core (Chrono Boost)  
  52  6:43  Probe x2 (Chrono Boost)  
  52  6:45  Phoenix (Chrono Boost)  
  56  6:49  Assimilator  
  56  6:53  Assimilator  
  56  6:55  Probe (Chrono Boost)  
  56  6:56  Probe (Chrono Boost)  
  56  6:58  Probe (Chrono Boost)  
  59  7:05  Probe (Chrono Boost)  
  59  7:06  Probe (Chrono Boost)  
  61  7:08  Probe (Chrono Boost)  
  58  7:16  Probe (Chrono Boost)  
  58  7:17  Probe (Chrono Boost)  
  58  7:18  Gateway  
  58  7:21  Gateway  
  60  7:23  Gateway  
  55  7:30  Probe (Chrono Boost)  
  55  7:31  Stalker x2  
  55  7:32  Probe (Chrono Boost)  
  55  7:35  Pylon  
  55  7:36  Probe (Chrono Boost)  
  61  7:40  Probe (Chrono Boost)  
  61  7:43  Probe (Chrono Boost)  
  63  7:46  Pylon  
  63  7:47  Probe (Chrono Boost)  
  63  7:49  Pylon  
  63  7:51  Probe (Chrono Boost)  
  65  7:53  Probe (Chrono Boost)  
  65  7:56  Gateway  
  65  7:57  Gateway  
  66  7:59  Probe (Chrono Boost)  
  66  8:02  Stalker x2  
Tags
 
Add a new tag
Caveats
  • Supply blocks, unpowered buildings, or Contaminate may cause inaccurate times.
  • Supply counts are checked every 10 seconds.